 Dungeon Crawl Stone Soup version 0.31-a0-1265-gaa4636e842 (webtiles) character file.

Game seed: 17416279904986562554

455 night the Skirmisher (level 7, -14/56 HPs)
             Began as a Gnoll Hunter on Dec 16, 2023.
             Was a Priest of Dithmenos.
             Demolished by Pikel
             ... wielding a +2 whip of electrocution
              (17 damage)
             ... on level 5 of the Dungeon.
             The game lasted 00:06:20 (3369 turns).

night the Skirmisher (Gnoll Hunter)                 Turns: 3369, Time: 00:06:22

Health: -14/56     AC:  8    Str:  8 (10) XL:     7   Next: 5%
Magic:  10/10      EV: 13    Int:  7 (9)  God:    Dithmenos [***...]
Gold:   244        SH:  0    Dex: 16 (17) Spells: 8/10 levels left

rFire   + + .        a - +0 shortbow
rCold   . . .        (shield currently unavailable)
rNeg    . . .        u - +0 leather armour {rF+}
rPois   .            (no helmet)
rElec   .            D - +0 cloak
rCorr   .            (no gloves)
SInv    .            (no boots)
Will    .....        (no amulet)
Stlth   +++          t - +4 ring of protection
HPRegen 0.29/turn    p - ring of protection from fire
MPRegen 0.12/turn

%: no passive effects
@: wreathed by umbra
A: fangs 1, strong nose, distributed training
a: Renounce Religion, Shadow Step


You were on level 5 of the Dungeon.
You worshipped Dithmenos.
Dithmenos was most pleased with you.
You visited 2 branches of the dungeon, and saw 6 of its levels.

You collected 244 gold pieces.

Inventory:

Hand Weapons
 a - a +0 shortbow (weapon)
 h - a +4 rapier of holy wrath
Missiles
 e - 35 stones
 o - 3 poisoned darts
Armour
 c - a +0 leather armour
 u - a +0 leather armour of fire resistance (worn)
 D - a +0 cloak (worn)
Jewellery
 d - a ring of resist corrosion
 g - a ring of ice
 p - a ring of protection from fire (right hand)
 t - a +4 ring of protection (left hand)
 C - a ring of protection from fire
Wands
 z - a wand of digging (2)
Scrolls
 b - a scroll of butterflies
 i - a scroll of blinking
 l - 3 scrolls of teleportation
 r - a scroll of fear
 s - a scroll of vulnerability
 x - a scroll of immolation {unknown}
 y - a scroll of amnesia {unknown}
 A - a scroll of identify
Potions
 f - a potion of degeneration
 j - a potion of curing {unknown}
 k - a potion of lignification {unknown}
 m - a potion of invisibility {unknown}
 n - a potion of brilliance {unknown}
 q - a potion of magic
 v - a potion of heal wounds {unknown}
 w - a potion of cancellation {unknown}
 B - a potion of resistance {unknown}


   Skills:
 + Level 5.1 Fighting
 + Level 2.2 Short Blades
 + Level 2.2 Long Blades
 + Level 2.2 Axes
 + Level 2.2 Maces & Flails
 + Level 2.2 Polearms
 + Level 2.2 Staves
 + Level 8.8 Ranged Weapons
 + Level 2.2 Throwing
 + Level 2.2 Armour
 + Level 5.1 Dodging
 + Level 3.3 Stealth
 + Level 2.2 Shields
 + Level 2.2 Unarmed Combat
 + Level 2.2 Spellcasting
 + Level 1.8 Conjurations
 + Level 1.8 Hexes
 + Level 1.8 Summonings
 + Level 1.8 Necromancy
 + Level 1.8 Translocations
 + Level 1.8 Transmutations
 + Level 1.8 Fire Magic
 + Level 1.8 Ice Magic
 + Level 1.8 Air Magic
 + Level 1.8 Earth Magic
 + Level 1.8 Poison Magic
 + Level 2.5 Invocations
 + Level 2.2 Evocations
 + Level 2.0 Shapeshifting


You had 8 spell levels left.
You knew the following spells:

 Your Spells              Type           Power      Damage    Failure   Level
a - Blink                 Tloc           6%         N/A       36%         2

Your spell library contained the following spells:

 Spells                   Type           Power      Damage    Failure   Level
 Apportation              Tloc           6%         N/A       24%         1
 Necrotise                Necr           12%        1d4       24%         1
 Slow                     Hex            12%        N/A       24%         1
 Summon Small Mammal      Summ           12%        N/A       24%         1
 Lesser Beckoning         Tloc           6%         N/A       36%         2
 Momentum Strike          Conj/Tloc      6%         3d8       36%         2
 Confusing Touch          Hex            3%         N/A       58%         3
 Frozen Ramparts          Ice            6%         1d1       58%         3
 Sigil of Binding         Hex            3%         N/A       58%         3
 Vampiric Draining        Necr           3%         2d6       58%         3
 Leda's Liquefaction      Tmut/Erth      1%         N/A       94%         4
 Petrify                  Tmut/Erth      3%         N/A       94%         4
 Metabolic Englaciation   Hex/Ice        1%         N/A       100%        5


Dungeon Overview and Level Annotations

Branches:
Dungeon (5/15)             Temple (1/1) D:4

Altars:
Ashenzari
Cheibriados
Dithmenos
Elyvilon
Hepliaklqana
Kikubaaqudgha
Makhleb
Nemelex Xobeh
Qazlal
Sif Muna
Uskayaw
Wu Jian
Yredelemnul
Zin

Annotations:
D:5 Pikel


Innate Abilities, Weirdness & Mutations

You have very sharp teeth.
Your uncanny sense of smell can sniff out nearby items.
Your experience applies equally to all skills.


Message History

A lemure comes into view. x2
You shoot an arrow. The arrow hits Pikel.
Pikel is lightly wounded.
You shoot an arrow. The arrow hits Pikel!
Pikel is moderately wounded.
Pikel hits you with a +2 whip of electrocution!
You shoot an arrow. The arrow hits Pikel.
Pikel is moderately wounded.
Pikel hits you with a +2 whip of electrocution.
You shoot an arrow. The arrow barely misses Pikel.
Pikel hits you with a +2 whip of electrocution.
You shoot an arrow. The arrow barely misses Pikel.
Pikel hits you but does no damage.
You shoot an arrow. The arrow hits Pikel.
Pikel is moderately wounded.
Pikel barely misses you.
You shoot an arrow.
The arrow hits Pikel but does no damage.
Pikel is moderately wounded.
Pikel completely misses you.
You shoot an arrow. The arrow barely misses Pikel.
Pikel barely misses you.
You shoot an arrow. The arrow closely misses Pikel.
Pikel hits you with a +2 whip of electrocution.
You shoot an arrow. The arrow misses Pikel.
Pikel hits you with a +2 whip of electrocution!
You are electrocuted!
* * * LOW HITPOINT WARNING * * *
You are too injured to fight recklessly!
Okay, then.
It was a potion of degeneration.
There was something very wrong with that liquid.
You feel weakened.
You feel dopey.
You feel clumsy.
Pikel hits you with a +2 whip of electrocution.
* * * LOW HITPOINT WARNING * * *
It was a potion of magic.
Magic courses through your body.
Pikel hits you with a +2 whip of electrocution!
* * * LOW HITPOINT WARNING * * *
You are electrocuted!
You die...
Pikel says, "See you in Hell!"

# # .. . #.#∆ ##.# .### #
.. ..# .#.. ... #
....######.#####.#.. ♣.###
#..55K.##.##....#.♣ ♣..##
#@##.##....#.♣ ♣...
#..#.##....#.♣ ♣♣..#
##.#.##...##.♣♣♣♣♣♣...#
#.####.#.##....).......####
∆............#+#.#.#######
[...#...........#.# ..
#......###.##.#
##......##.##.# #..........
#.#


You could see Pikel and 2 lemures.

Vanquished Creatures
  A vampire bat (D:4)
  2 hounds (D:4)
  A sleepcap (D:4)
  An iguana (D:3)
  2 orc wizards (D:3)
  7 adders
  A gnoll (D:1)
  2 dart slugs
  3 fire bats (D:4)
  2 orcs
  2 spectral bats (D:4)
  3 bat skeletons (D:4)
  A bat zombie (D:4)
  7 endoplasms
  5 giant cockroaches
  11 goblins
  7 hobgoblins
  4 jackals (D:2)
  5 quokkas
  11 ball pythons
  17 bats
  A bat simulacrum (D:4)
  9 frilled lizards
  5 kobolds
  8 rats
118 creatures vanquished.

Notes
Turn   | Place    | Note
-------+----------+-------------------------------------------
     0 | D:1      | night the Gnoll Hunter began the quest for the Orb.
     0 | D:1      | Reached XP level 1. HP: 20/20 MP: 1/1
    60 | D:1      | Reached XP level 2. HP: 26/26 MP: 2/2
   318 | D:1      | Reached XP level 3. HP: 31/31 MP: 3/3
   471 | D:1      | Found a faded altar of an unknown god.
   498 | D:1      | Reached skill level 1 in Invocations
   513 | D:1      | Prayed at the altar of an unknown god.
   513 | D:1      | Became a worshipper of Dithmenos the Shadowed
   513 | D:1      | Reached * piety under Dithmenos
   840 | D:2      | You fall into a shaft and drop 2 floors!
   891 | D:3      | Reached skill level 1 in Short Blades
   891 | D:3      | Reached skill level 1 in Long Blades
   891 | D:3      | Reached skill level 1 in Axes
   891 | D:3      | Reached skill level 1 in Maces & Flails
   891 | D:3      | Reached skill level 1 in Polearms
   891 | D:3      | Reached skill level 1 in Staves
   891 | D:3      | Reached skill level 1 in Throwing
   891 | D:3      | Reached skill level 1 in Armour
   891 | D:3      | Reached skill level 1 in Shields
   891 | D:3      | Reached skill level 1 in Unarmed Combat
   891 | D:3      | Reached skill level 1 in Spellcasting
   891 | D:3      | Reached skill level 1 in Evocations
   895 | D:3      | Reached skill level 1 in Shapeshifting
   895 | D:3      | Reached XP level 4. HP: 21/38 MP: 5/5
   982 | D:2      | Reached skill level 1 in Conjurations
   982 | D:2      | Reached skill level 1 in Hexes
   982 | D:2      | Reached skill level 1 in Summonings
   982 | D:2      | Reached skill level 1 in Necromancy
   982 | D:2      | Reached skill level 1 in Translocations
   982 | D:2      | Reached skill level 1 in Transmutations
   982 | D:2      | Reached skill level 1 in Fire Magic
   982 | D:2      | Reached skill level 1 in Ice Magic
   982 | D:2      | Reached skill level 1 in Air Magic
   982 | D:2      | Reached skill level 1 in Earth Magic
   982 | D:2      | Reached skill level 1 in Poison Magic
  1231 | D:2      | Reached XP level 5. HP: 24/43 MP: 5/7
  1637 | D:2      | Reached ** piety under Dithmenos
  1737 | D:3      | Learned a level 2 spell: Blink
  1760 | D:3      | Found a shimmering blue altar of Sif Muna.
  2335 | D:3      | Reached skill level 2 in Invocations
  2476 | D:3      | Identified the +2 robe of Grim Music {Str+2}
  2624 | D:4      | Reached XP level 6. HP: 50/50 MP: 8/8
  2733 | D:4      | Found a staircase to the Ecumenical Temple.
  2745 | Temple   | Entered the Ecumenical Temple
  2826 | D:4      | Found a white marble altar of Elyvilon.
  2937 | D:4      | Found a hide-covered altar of Uskayaw.
  2941 | D:4      | Reached skill level 5 in Fighting
  2941 | D:4      | Reached skill level 2 in Short Blades
  2941 | D:4      | Reached skill level 2 in Long Blades
  2941 | D:4      | Reached skill level 2 in Axes
  2941 | D:4      | Reached skill level 2 in Maces & Flails
  2941 | D:4      | Reached skill level 2 in Polearms
  2941 | D:4      | Reached skill level 2 in Staves
  2941 | D:4      | Reached skill level 2 in Throwing
  2941 | D:4      | Reached skill level 2 in Armour
  2941 | D:4      | Reached skill level 5 in Dodging
  2941 | D:4      | Reached skill level 2 in Shields
  2941 | D:4      | Reached skill level 2 in Unarmed Combat
  2941 | D:4      | Reached skill level 2 in Spellcasting
  2941 | D:4      | Reached skill level 2 in Evocations
  3080 | D:4      | Reached skill level 2 in Shapeshifting
  3100 | D:4      | Reached *** piety under Dithmenos
  3157 | D:4      | Reached XP level 7. HP: 55/56 MP: 10/10
  3320 | D:5      | Entered Level 5 of the Dungeon
  3356 | D:5      | Noticed Pikel
  3369 | D:5      | HP: 3/56 [Pikel/+2 whip of electrocution (8)]
  3369 | D:5      | Demolished by Pikel

Illustrated notes

Levels and vault maps discovered:
D:1:      dpeg_arrival_court, layout_rooms,
          hellmonk_ecumenical_altar_pennies_from_heaven, serial_rivers,
          chequers_serial_rivers_micro_d, chequers_serial_rivers_micro_b,
          chequers_serial_rivers_micro_d, chequers_serial_rivers_large_a,
          chequers_serial_rivers_large_b, chequers_serial_rivers_marsh,
          eino_curves_03
D:2:      layout_rooms, minmay_misc_feat_plants, minmay_hexomino_f4
D:3:      layout_basic, led_sif_book, corexii_corridor_pit
D:4:      layout_basic, mainiacjoe_overflow_paths, elyvilon_altar_1,
          minmay_temple_entry_overgrown, goddamned_bats
D:5:      layout_basic, mainiacjoe_overflow_brackets,
          chequers_serial_rivers_small_3, hangedman_decor_lopped,
          nrook_campfire, chequers_serial_rivers_micro_b, uniq_pikel
Temple:   chequers_temple_sunken

Skill      XL: |  1  2  3  4  5  6 |
---------------+-------------------+-----
Invocations    | 1 2 |  2.5
Short Blades   | 1 2 |  2.2
Long Blades    | 1 2 |  2.2
Axes           | 1 2 |  2.2
Maces & Flails | 1 2 |  2.2
Polearms       | 1 2 |  2.2
Staves         | 1 2 |  2.2
Throwing       | 1 2 |  2.2
Armour         | 1 2 |  2.2
Shields        | 1 2 |  2.2
Unarmed Combat | 1 2 |  2.2
Spellcasting   | 1 2 |  2.2
Evocations     | 1 2 |  2.2
Shapeshifting  | 1 2 |  2.0
Conjurations   | 1 |  1.8
Hexes          | 1 |  1.8
Summonings     | 1 |  1.8
Necromancy     | 1 |  1.8
Translocations | 1 |  1.8
Transmutations | 1 |  1.8
Fire Magic     | 1 |  1.8
Ice Magic      | 1 |  1.8
Air Magic      | 1 |  1.8
Earth Magic    | 1 |  1.8
Poison Magic   | 1 |  1.8
Stealth        | 3 |  3.3
Fighting       | 5 |  5.1
Dodging        | 5 |  5.1
Ranged Weapons | |  8.8

Action                     |  1- 3 |  4- 6 |  7- 9 || total
---------------------------+-------+-------+-------++-------
   Fire: Shortbow          |    89 |   266 |    14 ||   369
    Use: Scroll            |       |     4 |       ||     4
         Potion            |       |       |     2 ||     2
 Armour: Leather armour    |     8 |    62 |     8 ||    78
  Dodge: Dodged            |    16 |   133 |     3 ||   152

Table legend: (Time is in decaauts)
 A = Elapsed time spent in this place.
 B = Non-inter-level travel time spent in this place.
 C = Inter-level travel time spent in this place.
 D = Time resting spent in this place.
 E = Time spent auto-exploring this place.
 F = Levels seen in this place.
 G = Mean time per level.
                   A        B        C        D        E       F      G
               +--------+--------+--------+--------+--------+-----+--------+
         Total |   3416 |   3274 |    142 |     43 |   2591 |   6 |  569.3 |
       Dungeon |   3415 |   3273 |    142 |     43 |   2591 |   5 |  683.0 |
        Temple |      1 |      1 |      0 |      0 |      0 |   1 |    1.0 |
               +--------+--------+--------+--------+--------+-----+--------+

Top non-repeatable levels by time:
     D:3: 928 daAuts
     D:1: 879 daAuts
     D:4: 791 daAuts
     D:2: 766 daAuts
     D:5: 49 daAuts
  Temple: 1 daAuts
